 Dungeon Crawl Stone Soup version 0.23-a0-586-gacb4b3f (webtiles) character file.

2699 ohad the Severer (level 9, -18/67 (68) HPs)
             Began as a Hill Orc Gladiator on Dec 18, 2018.
             Was a Believer of Makhleb.
             Demolished by a two-headed ogre
             ... wielding a +0 giant club
              (19 damage)
             ... on level 6 of the Dungeon.
             The game lasted 00:16:22 (5844 turns).

ohad the Severer (Hill Orc Gladiator)               Turns: 5844, Time: 00:16:23

HP:   -18/67 (68)   AC: 11    Str: 17    XL:     9   Next: 65%
MP:   9/9           EV: 11    Int:  8    God:    Makhleb [**....]
Gold: 242           SH:  0    Dex: 15    Spells: 8/8 levels left

rFire    . . .     SeeInvis .   a - +0 war axe
rCold    . . .     Gourm    .   (no shield)
rNeg     . . .     Faith    .   C - +0 scale mail
rPois    +         Spirit   .   c - +0 helmet
rElec    .         Reflect  .   L - +0 cloak
rCorr    .         Harm     .   (no gloves)
MR       .....                  (no boots)
Stlth    ..........             (no amulet)
HPRegen  0.21/turn              g - +3 ring of protection
MPRegen  0.11/turn              i - ring of poison resistance

@: no status effects
A: no striking features
a: Minor Destruction, Renounce Religion


You were on level 6 of the Dungeon.
You worshipped Makhleb.
Makhleb was pleased with you.
You were not hungry.

You visited 2 branches of the dungeon, and saw 8 of its levels.

You collected 242 gold pieces.

Inventory:

Hand Weapons
 a - a +0 war axe (weapon)
 h - a +1 hand axe of chopping
 k - a +1 whip of electrocution
 l - a +0 dagger of electrocution
 x - a +0 morningstar
 K - a +2 flail of venom
Missiles
 d - 3 throwing nets (quivered)
 G - 4 tomahawks
Armour
 b - a +0 leather armour
 c - a +0 helmet (worn)
 v - a +0 ring mail
 C - a +0 scale mail (worn)
 E - the +1 leather armour "Kufong" {MR+}
   (You found it on level 5 of the Dungeon)

   It affects your resistance to hostile enchantments.
 L - a +0 cloak (worn)
Jewellery
 g - a +3 ring of protection (left hand)
 i - a ring of poison resistance (right hand)
 r - an uncursed ring of wizardry
 A - an uncursed ring of fire {unknown}
 M - the ring "Venomi" {Dex+4 SInv, unknown}
   (You found it on level 5 of the Dungeon)

   [ring of see invisible]

   It affects your dexterity (+4).
   It lets you see invisible.
Wands
 F - a wand of acid (8)
Scrolls
 n - a scroll of magic mapping
 s - 4 scrolls of identify {unknown}
 u - 2 scrolls of enchant armour {unknown}
 w - a scroll of blinking {unknown}
 y - 2 scrolls of amnesia {unknown}
 z - a scroll of teleportation {unknown}
 D - a scroll of remove curse {unknown}
 H - a scroll of random uselessness {unknown}
Potions
 e - 2 potions of flight {unknown}
 j - 2 potions of resistance {unknown}
 m - a potion of agility {unknown}
 o - 9 potions of curing {unknown}
 p - 3 potions of brilliance {unknown}
 q - 2 potions of cancellation {unknown}
 t - 4 potions of haste {unknown}
 B - a potion of ambrosia {unknown}
 J - a potion of lignification {unknown}
Comestibles
 f - 8 rations
 I - a chunk of flesh


   Skills:
 - Level 2.9 Fighting
 + Level 15.7 Axes
 - Level 1.8 Throwing
 - Level 0.7 Armour
 - Level 3.0 Dodging
 - Level 0.1 Stealth


You had 8 spell levels left.
You didn't know any spells.
Your spell library contained the following spells:

 Spells                   Type           Power        Failure   Level  Hunger
 Magic Dart               Conj           #...         83%         1    ##.....
 Blink                    Tloc           N/A          93%         2    ###....
 Call Imp                 Summ           #.......     93%         2    ###....
 Slow                     Hex            #.......     93%         2    ###....
 Conjure Flame            Conj/Fire      #.......     99%         3    ####...
 Mephitic Cloud           Conj/Pois/Air  #.......     99%         3    ####...


Dungeon Overview and Level Annotations

Branches:
Dungeon (7/15)             Temple (1/1) D:4

Altars:
Ashenzari
Cheibriados
Dithmenos
Elyvilon
Gozag
Hepliaklqana
Kikubaaqudgha
Makhleb
Nemelex Xobeh
Ru
Sif Muna
Trog
Vehumet
Wu Jian
Xom
Yredelemnul
The Shining One

Annotations:
D:4 1 runed door, Lavandula's ghost, amateur HaEn


Message History

The two-headed ogre hits you with a +0 giant club!
The two-headed ogre misses you.
You hit the two-headed ogre.
The two-headed ogre is lightly wounded.
You hit the two-headed ogre.
The two-headed ogre is lightly wounded.
The two-headed ogre hits you with a +0 giant club.
The two-headed ogre closely misses you.
You hit the two-headed ogre.
The two-headed ogre is lightly wounded.
The two-headed ogre hits you with a +0 giant club!!
* * * LOW HITPOINT WARNING * * *
The two-headed ogre hits you with a +0 giant spiked club!
* * * LOW HITPOINT WARNING * * *
You slash the two-headed ogre!
The two-headed ogre is moderately wounded.
You slash the two-headed ogre!
The two-headed ogre is severely wounded.
The two-headed ogre hits you with a +0 giant club!!
You die...

##..#?#..)#$#...#.#
#....#(รท(#...#...#.
#$...(.(.((.)......
#..####.####.##.####
#........# #.##.#
#.#####..###.##.#
#.###.........#.# #########
..........##..#O###.......#
#####.#.<..(....@(......#.#
#.#.#####.....#.###.#.#
###.#.# #....##.# #.#.####
#...#.......#.###.#
#......# ###.###.#######.#
#.# ###.##.# ........# #.#
#.......##.## ###.#####
##'############..## #.#
##...## ##.#.## #.###
##<....## ###.###.#


You could see a two-headed ogre.

Vanquished Creatures
  Pikel (D:5)
  A cyclops (D:6)
  Menkaure (D:5)
  A phantom (D:5)
  A necrophage (D:5)
  2 ogres
  2 centaurs (D:6)
  2 bullfrogs
  4 scorpions
  A howler monkey (D:5)
  2 crimson imps
  An orc priest (D:4)
  2 centaur skeletons
  4 hounds
  2 jellies
  2 iguanas (D:5)
  2 orc wizards
  5 worker ants
  A killer bee zombie (D:6)
  A hound zombie (D:5)
  Robin (D:2)
  A worker ant zombie (D:5)
  A howler monkey zombie (D:5)
  12 adders
  An ooze (D:3)
  An adder skeleton (D:5)
  4 worms
  2 dart slugs
  4 leopard geckos
  23 orcs
  6 bats
  4 giant cockroaches
  18 goblins
  12 hobgoblins
  16 jackals
  4 quokkas
  2 ball pythons
  A ball python zombie (D:5)
  4 frilled lizards
  9 kobolds
  A quokka zombie (D:6)
  5 rats
170 creatures vanquished.

Vanquished Creatures (others)
  2 slaves (D:5)
  A crimson imp (D:5)
  2 worker ants (D:5)
  A leopard gecko (D:5)
  A leopard gecko zombie (D:5)
7 creatures vanquished.

Grand Total: 177 creatures vanquished

Notes
Turn   | Place    | Note
-------+----------+-------------------------------------------
     0 | D:1      | ohad the Hill Orc Gladiator began the quest for the Orb.
     0 | D:1      | Reached XP level 1. HP: 18/18 MP: 1/1
    75 | D:1      | Reached XP level 2. HP: 23/25 MP: 2/2
   493 | D:1      | Reached XP level 3. HP: 29/30 MP: 3/3
   954 | D:2      | Noticed Robin
   977 | D:2      | Reached skill level 5 in Axes
   992 | D:2      | Killed Robin
   992 | D:2      | Reached XP level 4. HP: 17/37 MP: 4/4
  1522 | D:2      | Reached skill level 6 in Axes
  1773 | D:3      | Reached XP level 5. HP: 42/44 MP: 5/5
  2021 | D:3      | Reached skill level 7 in Axes
  2243 | D:3      | Reached skill level 8 in Axes
  2243 | D:3      | Reached XP level 6. HP: 46/50 MP: 6/6
  2798 | D:4      | Found a staircase to the Ecumenical Temple.
  2807 | Temple   | Entered the Ecumenical Temple
  2948 | Temple   | Became a worshipper of Makhleb the Destroyer
  3042 | D:4      | Reached skill level 9 in Axes
  3065 | D:4      | Reached XP level 7. HP: 25/56 MP: 7/7
  3286 | D:4      | Found a runed door.
  3287 | D:4      | Noticed Lavandula's ghost (amateur HaEn)
  3505 | D:4      | You fall through a shaft for 3 floors!
  3652 | D:7      | Reached skill level 10 in Axes
  3794 | D:6      | Noticed a cyclops
  3802 | D:5      | Entered Level 5 of the Dungeon
  4123 | D:4      | Reached * piety under Makhleb
  4191 | D:4      | Reached skill level 11 in Axes
  4203 | D:4      | Reached XP level 8. HP: 49/62 MP: 8/8
  4542 | D:5      | Noticed Menkaure
  4553 | D:5      | Killed Menkaure
  4564 | D:5      | Reached skill level 12 in Axes
  4576 | D:5      | Found a shimmering altar of Xom.
  4803 | D:5      | Found a sacrificial altar of Ru.
  4846 | D:5      | Got a slimy leather armour
  4857 | D:5      | Identified the +1 leather armour "Kufong" {MR+} (You found
                  | it on level 5 of the Dungeon)
  4929 | D:5      | Reached skill level 13 in Axes
  5174 | D:5      | Noticed Pikel
  5193 | D:5      | Killed Pikel
  5193 | D:5      | Reached skill level 14 in Axes
  5193 | D:5      | Reached XP level 9. HP: 67/67 MP: 9/9
  5200 | D:5      | Reached ** piety under Makhleb
  5252 | D:5      | Got a fine wooden ring
  5619 | D:6      | Reached skill level 15 in Axes
  5697 | D:6      | Killed a cyclops
  5838 | D:6      | Noticed a two-headed ogre
  5842 | D:6      | HP: 1/67 [two-headed ogre/+0 giant club (10)]
  5844 | D:6      | Demolished by a two-headed ogre

Vault maps used:
D:1:      dpeg_arrival_tiny_a, minmay_liquid_box, amethyst_killhole
D:2:      kennysheep_generic_room_14, uniq_robin
D:3:      grunt_ministairs_14, minmay_misc_feat_tiny,
          chequers_serial_rivers_micro_e
D:4:      minmay_temple_entry_mist, first_ration, ebering_ghost_reflecting_pool,
          kennysheep_generic_room_2
D:5:      basic_altar, xom_confusion_cloud, uniq_pikel, uniq_menkaure
D:6:      cheibrodos_fzero, serial_shops, shop
D:7:      uniq_harold
Temple:   roderic_octagonal_lattice_temple

Skill      XL: |  1  2  3  4  5  6  7  8  9 |
---------------+----------------------------+-----
Dodging        | 3 |  3.0
Axes           | 5 6 8 9 11 14 15 | 15.7
Fighting       | |  2.9
Throwing       | |  1.8
Armour         | |  0.7
Stealth        | |  0.1

Action                   |  1- 3 |  4- 6 |  7- 9 || total
-------------------------+-------+-------+-------++-------
Melee: War axe           |   108 |   216 |   149 ||   473
       Hand axe          |       |       |   156 ||   156
Throw: Throwing net      |     1 |       |     1 ||     2
  Use: Scroll            |       |     1 |       ||     1
 Stab: Sleeping          |     1 |       |       ||     1
       Held in net/web   |       |       |     1 ||     1
  Eat: Chunk             |       |     7 |    10 ||    17
Armor: Leather armour    |    43 |    44 |       ||    87
       Ring mail         |       |    41 |       ||    41
       Scale mail        |       |    10 |   116 ||   126
Dodge: Dodged            |    91 |   186 |   157 ||   434

Table legend:
 A = Non-vault XP
 B = Vault XP
 C = Vault XP percentage of total XP
 D = Non-vault monster count
 E = Vault monster count
 F = Vault count percentage of total count
                 A         B        C        D         E       F
            +---------+---------+-------+---------+---------+-------
      Total |    1863 |    1993 |  51.7 |     137 |      34 |  19.9
            +---------+---------+-------+---------+---------+-------
        D:1 |      35 |       0 |   0.0 |      19 |       0 |   0.0
        D:2 |      72 |      42 |  36.8 |      19 |      14 |  42.4
        D:3 |     258 |       7 |   2.6 |      38 |       2 |   5.0
        D:4 |     517 |       5 |   1.0 |      20 |       2 |   9.1
        D:5 |     802 |     872 |  52.1 |      33 |       5 |  13.2
        D:6 |      95 |    1067 |  91.8 |       6 |      11 |  64.7
        D:7 |      84 |       0 |   0.0 |       2 |       0 |   0.0
            +---------+---------+-------+---------+---------+-------
